[Event "MČR juniorů a juniorek v rapid šachu 2023"]
[Site "Czech Republic"]
[Date "2023.09.24"]
[Round "8.8"]
[White "Steinbauer, Sebastian"]
[Black "Zadrapova, Amalie"]
[Result "1-0"]
[TimeControl "20 min + 5 sec per move"]
[WhiteFideId "399272"]
[BlackFideId "23710276"]
[WhiteElo "1880"]
[BlackElo "1590"]

1. e4 c5 2. Nf3 d6 3.
d4 cxd4 4. c3 dxc3 5. Nxc3 Nc6 6. Bc4 e6 7. O-O Nf6 8. Qe2 Be7 9. Rd1 Bd7 10. Bg5 Qb8 11. Bxf6 Bxf6 12.
Nb5 Be7 13. Qd2 O-O 14. Nxd6 Rd8 15. e5 Be8 16. Qc3 Nxe5 17. Nxe8 Nxf3+ 18. Qxf3 Rxe8 19. Rd7 b6 20. Ba6 Bf6 21.
Bb7 Kf8 22. Bxa8 Qxa8 23. Qa3+ Re7 24. Rad1 Ke8 25. Qa4 1-0

[Event "MČR juniorů a juniorek v rapid šachu 2023"]
[Site "Czech Republic"]
[Date "2023.09.24"]
[Round "8.9"]
[White "Svacina, Tobias"]
[Black "Simunek, Jakub Simon"]
[Result "1/2-1/2"]
[TimeControl "20 min + 5 sec per move"]
[WhiteFideId "385859"]
[BlackFideId "23709464"]
[WhiteElo "1782"]
[BlackElo "1843"]

1. e4 e6 2. d3 d5 3. Nd2 Nf6 4. Ngf3 Nc6 5. g3 dxe4 6. dxe4 Bc5 7. Bg2 e5 8. O-O O-O 9. c3 a5 10. Qc2 Qe7 11. Nc4 b6 12.
Rd1 Ba6 13. Ne3 Bxe3 14. Bxe3 Rfd8 15. Bg5 h6 16. Bxf6 Qxf6 17. b3 Qe6 18. Rd5 Rd6 19. Rad1 Rad8 20. Rxd6 Rxd6 21. Rd5 f6 22. c4 Nb4 23.
Qd2 Nxd5 24. cxd5 Qg4 25. Nh4 Qe2 26. Qc1 Bd3 27. Nf5 Qc2 28. Qxc2 Bxc2 29. Nxd6 cxd6 30. Kf1 Bd3+ 31. Ke1 Kf8 32. Kd2 Ba6 33. Kc3 Ke7 34. Bf3 Kd7 35.
a3 Kc7 36. Bh5 Bf1 37. Bf3 Kb7 38. Bd1 Bg2 39. Bc2 Ka6 40. Bd3+ Kb7 41. Kc4 Bf3 42. Kc3 1/2-1/2

[Event "MČR juniorů a juniorek v rapid šachu 2023"]
[Site "Czech Republic"]
[Date "2023.09.24"]
[Round "8.10"]
[White "Zadrapa, Jakub"]
[Black "Nagy, Ladislav"]
[Result "1/2-1/2"]
[TimeControl "20 min + 5 sec per move"]
[WhiteFideId "23714778"]
[BlackFideId "374300"]
[WhiteElo "1696"]
[BlackElo "2089"]

1. e4 c5 2. Nf3 Nc6 3.
d4 cxd4 4. Nxd4 e6 5. c4 Nf6 6.
Nc3 Bb4 7. Nxc6 bxc6 8. Bd3 d5 9. cxd5 exd5 10. exd5 Nxd5 11. O-O O-O 12. Qc2 h6 13. Rd1 Bg4 14. Re1 Qh4 15. Bd2 Nxc3 16.
Bxc3 Bd6 17. Be5 Rad8 18. Rac1 Bxe5 19. Rxe5 Rd6 20. Rce1 Be6 21. Bh7+ Kh8 22. Bf5 Bxf5 23. Qxf5 Rf6 24. Qc2 g6 25. Re8 Rxe8 26.
Rxe8+ Kg7 27. Qc5 Kh7 28. g3 Qa4 29.
Rd8 Qe4 30. Qc3 Qf5 31. Rd2 Qb1+ 32. Kg2 Qe4+ 33. Kg1 Qe1+ 34. Kg2 Qe4+ 1/2-1/2

[Event "MČR juniorů a juniorek v rapid šachu 2023"]
[Site "Czech Republic"]
[Date "2023.09.24"]
[Round "8.11"]
[White "Mikolas, Petr"]
[Black "Rybackova, Lucie"]
[Result "1-0"]
[TimeControl "20 min + 5 sec per move"]
[WhiteFideId "23713224"]
[BlackFideId "23739207"]
[WhiteElo "1514"]
[BlackElo "1768"]

1. e4 c6 2. d4 d5 3.
Nc3 dxe4 4. Nxe4 Nf6 5. Nxf6+ exf6 6. Nf3 Bd6 7. Bd3 O-O 8. O-O Bg4 9. Re1 Qc7 10. h3 Bh5 11.
c3 Nd7 12. Qe2 Nb6 13. c4 c5 14. d5 Nd7 15. g4 Bg6 16. Nh4 Ne5 17. Bxg6 hxg6 18. f4 Nd7 19. Qe3 b5 20. cxb5 Nb6 21. Qf3 Rfe8 22. Rd1 Re7 23. Ng2 Rae8 24. Bd2 Nc4 25.
Bc3 Ne3 26. Re1 Nxg2 27. Kxg2 Bxf4 28. Rxe7 Rxe7 29. Re1 Be5 30. Bxe5 fxe5 31. Qe4 Qd7 32. a4 f5 33. Qc4 Qd6 34.
Rc1 f4 35. Qxc5 Qf6 36. d6 Rd7 37. Qd5+ Kh7 38. Rc6 Qh4 39. Qd3 e4 40. Qxe4 Qg3+ 41. Kf1 Qxh3+ 42. Qg2 Qd3+ 43. Qe2 Qg3 44. Qg2 Qe3 45. Qe2 Qh3+ 46. Qg2 Qb3 47. Qh2+ Kg8 48. Rc8+ Kf7 49. Qe2 Qh3+ 50. Qg2 Qd3+ 51. Qe2 Qxd6 52. Qe8+ Kf6 53. Rc6 Qxc6 54. bxc6 Rd1+ 55. Ke2 Rd6 56. c7 Re6+ 57. Qxe6+ Kxe6 58. c8=Q+ Kd5 1-0

[Event "MČR juniorů a juniorek v rapid šachu 2023"]
[Site "Czech Republic"]
[Date "2023.09.24"]
[Round "8.12"]
[White "Rybacek, Martin"]
[Black "Mrkvan, Frantisek"]
[Result "0-1"]
[TimeControl "20 min + 5 sec per move"]
[WhiteFideId "23739266"]
[BlackFideId "23721626"]
[WhiteElo "1755"]
[BlackElo "1601"]

1. d4 Nf6 2. Nf3 g6 3. g3 Bg7 4. Bg2 O-O 5. O-O d6 6. c4 c6 7. Nc3 Bf5 8. Re1 Ne4 9. Qb3 Qc7 10.
Nh4 Nxc3 11. bxc3 Bc8 12. Bf4 Nd7 13. c5 e5 14. cxd6 Qxd6 15. dxe5 Bxe5 16. Bxe5 Nxe5 17. Rad1 Qc5 18. Qb4 Qxb4 19. cxb4 Be6 20. Nf3 Nxf3+ 21. Bxf3 Bxa2 22.
Rd7 Rab8 23. b5 cxb5 24. Bxb7 Bc4 25. Ba6 Ra8 26. e3 Rfd8 27. Rc7 Rd6 28. Ra1 Rad8 29. Rxa7 Rd1+ 30. Rxd1 Rxd1+ 31. Kg2 Ra1 32. Ra8+ Kg7 33. Bb7 Rxa8 34. Bxa8 f5 35. e4 b4 36. exf5 gxf5 37.
Bc6 b3 38. Ba4 b2 39. Bc2 Ba2 40. Bxf5 b1=Q 41. Bxb1 Bxb1 42. Kf3 Kf6 43. Kf4 Kg6 44. Kg4 Bf5+ 45. Kf4 Bd7 46. g4 Kf6 47. h4 Kg6 48. Kg3 0-1

[Event "MČR juniorů a juniorek v rapid šachu 2023"]
[Site "Czech Republic"]
[Date "2023.09.24"]
[Round "8.13"]
[White "Strnadova, Monika"]
[Black "Pejrimovsky, Tadeas Rubel"]
[Result "1-0"]
[TimeControl "20 min + 5 sec per move"]
[WhiteFideId "23701668"]
[BlackFideId "23709537"]
[WhiteElo "1728"]
[BlackElo "1679"]

1. d4 Nf6 2. Bf4 g6 3. Nc3 Bg7 4. Qd2 d5 5. O-O-O Nbd7 6. Nb5 e5 7. dxe5 Nh5 8. e6 Ne5 9. exf7+ Kxf7 10. Bxe5 Bxe5 11. Nf3 Bf6 12.
Qxd5+ Qxd5 13. Rxd5 c6 14. Nd6+ Ke7 15. Nxc8+ Raxc8 16. Ra5 a6 17. e3 Rhd8 18.
g4 1-0

[Event "MČR juniorů a juniorek v rapid šachu 2023"]
[Site "Czech Republic"]
[Date "2023.09.24"]
[Round "8.14"]
[White "Martinkovic, Adam"]
[Black "Dobsa, Emma"]
[Result "0-1"]
[TimeControl "20 min + 5 sec per move"]
[WhiteFideId "23728019"]
[BlackFideId "23709391"]
[WhiteElo "1807"]
[BlackElo "1480"]

1. c4 c6 2. d4 d5 3. Nf3 Nf6 4. e3 Bf5 5. Nc3 e6 6. Be2 Bd6 7. a3 a5 8.
Bd2 O-O 9. O-O Nbd7 10. h3 h6 11. c5 Bc7 12. b4 axb4 13. axb4 b6 14. Na4 bxc5 15. Nxc5 Nxc5 16. bxc5 Qe7 17.
Bc3 Nd7 18. Qd2 e5 19. Nxe5 Nxe5 20. dxe5 Bxe5 21. Bd4 Rfe8 22. Bd3 Bd7 23. Rfe1 Rxa1 24. Rxa1 Bxh3 25. gxh3 Qg5+ 26. Kf1 Bxd4 27.
Bh7+ Kxh7 28. Qxd4 Qf5 29. Qg4 Qd3+ 30. Kg1 Re6 31. Kh1 Qc2 32. Qf3 Rf6 33. Qg3 Rxf2 34. Re1 Qe4+ 35. Kg1 Rf3 36.
Qg4 Rxe3 37. Rxe3 Qxe3+ 38. Kf1 Qe4 39. Qd7 Qe6 40. Qd6 Qxh3+ 41. Ke1 Qe6+ 0-1

[Event "MČR juniorů a juniorek v rapid šachu 2023"]
[Site "Czech Republic"]
[Date "2023.09.24"]
[Round "8.15"]
[White "Boff, Vojtech"]
[Black "Merinsky, Vaclav"]
[Result "1-0"]
[TimeControl "20 min + 5 sec per move"]
[WhiteFideId "23733969"]
[BlackFideId "390062"]
[WhiteElo "1632"]
[BlackElo "1869"]

1. d4 d6 2. c4 Nf6 3. Nc3 Nc6 4. Nf3 Bg4 5. e3 e5 6. dxe5 Nxe5 7. Be2 Be6 8. Nxe5 dxe5 9. O-O Be7 10.
Qb3 Qc8 11. Bf3 c6 12. e4 O-O 13. Bg5 b5 14. Bxf6 Bxf6 15. Be2 Rb8 16. Qc2 bxc4 17. Nd1 Qa6 18. Ne3 Rb4 19. Qc3 Rfb8 20.
Rfb1 Qb5 21. b3 Qb7 22. Bxc4 Bxc4 23. Nxc4 c5 24. Rd1 Qc7 25. Rd5 Rd8 26. Rad1 Rbb8 27. g3 h6 28. R1d3 Kh7 29.
Qd2 g6 30. Rd7 Rxd7 31. Rxd7 Rd8 32. Rxc7 Rxd2 33. Nxd2 1-0

[Event "MČR juniorů a juniorek v rapid šachu 2023"]
[Site "Czech Republic"]
[Date "2023.09.24"]
[Round "8.16"]
[White "Pavlis, Matej"]
[Black "Pejrimovska, Viola Ruby"]
[Result "1-0"]
[TimeControl "20 min + 5 sec per move"]
[WhiteFideId "23735767"]
[BlackFideId "23709529"]
[WhiteElo "1771"]
[BlackElo "1581"]

1. Nf3 Nf6 2. g3 g6 3. Bg2 Bg7 4. O-O O-O 5. c4 d6 6.
d4 c6 7.
Nc3 Qa5 8. h3 Na6 9. a3 Nd7 10. Bg5 f6 11. b4 Qc7 12. Be3 e5 13. Rc1 f5 14. Ng5 Nb6 15. dxe5 dxe5 16. c5 Nc4 17.
Qb3 Kh8 18. Qxc4 f4 19. gxf4 exf4 20. Bd4 Qe7 21. Bxg7+ Kxg7 22. Qd4+ Kh6 23. Nf3 Be6 24. Qd6 Qf7 25. Qe5 Rae8 26.
Qg5+ Kg7 27. Ne4 Qg8 28. Qe5+ Kh6 29. Nd6 Re7 30. Qg5+ 1-0

[Event "MČR juniorů a juniorek v rapid šachu 2023"]
[Site "Czech Republic"]
[Date "2023.09.24"]
[Round "8.17"]
[White "Dvorak, Jan"]
[Black "Husa, Daniel"]
[Result "0-1"]
[TimeControl "20 min + 5 sec per move"]
[WhiteFideId "23730722"]
[BlackFideId "393487"]
[WhiteElo "1624"]
[BlackElo "1760"]

1. e4 c5 2. Nf3 e6 3.
c3 Nf6 4. Qc2 Nc6 5. d4 cxd4 6. cxd4 Bb4+ 7. Bd2 Qb6 8. e5 Nd5 9. Bxb4 Ndxb4 10. Qd2 Nxd4 11. Nxd4 Qxd4 12. Qxd4 Nc2+ 13. Kd2 Nxd4 14. Nc3 f5 15.
Kd3 Nc6 16. f4 a6 17. Na4 b5 18. Nc5 Ke7 19. Rd1 Nb4+ 20. Ke3 Nd5+ 21. Kf3 Rd8 22. Bd3 d6 23. exd6+ Kxd6 24. Nb3 Bb7 25. Kg3 Re8 26. Na5 Bc6 27.
Rhe1 Rac8 28. Re5 g5 29. Nxc6 Rxc6 30. Kf2 gxf4 31. Re2 Rf8 32. Bc2 Rc5 33. Bb3 Rd8 34. Rde1 Re8 35. Rd2 a5 36.
a3 a4 37. Ba2 Rec8 38. Bb1 Rc1 39. Ba2 Rxe1 40. Kxe1 Rc1+ 41. Kf2 Rc5 42. Kf3 e5 43. Kf2 e4 44. Re2 Ke5 45. g3 f3 46. Re1 Rc2+ 47. Kf1 Rxb2 0-1

[Event "MČR juniorů a juniorek v rapid šachu 2023"]
[Site "Czech Republic"]
[Date "2023.09.24"]
[Round "8.18"]
[White "Havelkova, Beata"]
[Black "Mrazek, Adam"]
[Result "0-1"]
[TimeControl "20 min + 5 sec per move"]
[WhiteFideId "23709405"]
[BlackFideId "23725010"]
[WhiteElo "1494"]
[BlackElo "1753"]

1. e4 g6 2. d4 Bg7 3. Be3 d6 4. f4 Nf6 5. Nc3 O-O 6. h3 Nc6 7. Qd2 e5 8. d5 Nd4 9. fxe5 dxe5 10.
O-O-O Ne8 11. Bxd4 exd4 12. Nce2 Nd6 13. Qd3 Re8 14. Ng3 Bd7 15. Nf3 Bb5 16. Qd2 Bxf1 17. Rhxf1 Nxe4 18. Nxe4 Rxe4 19. Ng5 Re7 20. Qf4 Qxd5 21.
c3 Qxa2 22. cxd4 Rae8 23. Rf2 a5 24. Rd3 Re1+ 25. Kc2 Qb1+ 26. Kc3 Rc1+ 27. Qxc1 Qxc1+ 28. Rc2 Qxg5 29. b3 c5 0-1

[Event "MČR juniorů a juniorek v rapid šachu 2023"]
[Site "Czech Republic"]
[Date "2023.09.24"]
[Round "8.19"]
[White "Hruby, Filip"]
[Black "Stastna, Martina"]
[Result "1-0"]
[TimeControl "20 min + 5 sec per move"]
[WhiteFideId "23721480"]
[BlackFideId "385123"]
[WhiteElo "1460"]
[BlackElo "1725"]

1. e4 e5 2. Nc3 Nf6 3. f4 d6 4. Nf3 Nc6 5. Bb5 Bg4 6. h3 Bxf3 7. Qxf3 Qd7 8. d3 a6 9. Bxc6 Qxc6 10.
O-O exf4 11. Bxf4 O-O-O 12. Bg5 Be7 13. Kh1 Rhf8 14. Bxf6 Bxf6 15. Nd5 Kb8 16. c3 Bg5 17. Qh5 Bh6 18.
Rab1 f6 19. Ne7 Qa4 20. Nf5 Qxa2 21. Nxh6 gxh6 22. Qxh6 d5 23. Qxh7 dxe4 24. Qxe4 Rde8 25. Qf3 Re5 26. Rbd1 Rg5 27.
Rd2 f5 28. Qf4 Qg8 29. Re1 Rg7 30. Re5 Qh7 31. Re3 Rg4 32. Qf3 Rg7 33. Rde2 Qg8 34. Qf4 Qh7 35. Re8+ Rxe8 36. Rxe8+ Ka7 37. Qe3+ b6 38. Qf3 c6 39.
Qxc6 Rb7 40. Qc8 1-0

[Event "MČR juniorů a juniorek v rapid šachu 2023"]
[Site "Czech Republic"]
[Date "2023.09.24"]
[Round "8.20"]
[White "Novotny, Dominik"]
[Black "Janouskova, Adela"]
[Result "0-1"]
[TimeControl "20 min + 5 sec per move"]
[WhiteFideId "23755601"]
[BlackFideId "23709804"]
[WhiteElo "1707"]
[BlackElo "1442"]

1. e4 c5 2. b3 d6 3. Bb2 Nc6 4. Bb5 Bd7 5. f4 e6 6. Nc3 a6 7. Bxc6 Bxc6 8. d3 Ne7 9. Nf3 Qc7 10.
O-O O-O-O 11. Ne2 d5 12. e5 Nf5 13. Qd2 d4 14. b4 cxb4 15. a3 Bc5 16. axb4 Bb6 17. Rfc1 h5 18. Kh1 h4 19.
h3 Rh6 20. c4 dxc3 21. Rxc3 Kb8 22. d4 Qd7 23. Rd1 Ng3+ 24. Nxg3 hxg3 25. Qe1 Qe7 26. Qxg3 Rg6 27. Qf2 Qxb4 28.
Rb1 0-1

[Event "MČR juniorů a juniorek v rapid šachu 2023"]
[Site "Czech Republic"]
[Date "2023.09.24"]
[Round "8.21"]
[White "Hosova, Sandra"]
[Black "Jun, Robert"]
[Result "1/2-1/2"]
[TimeControl "20 min + 5 sec per move"]
[WhiteFideId "397717"]
[BlackFideId "23709510"]
[WhiteElo "1682"]
[BlackElo "1340"]

1. d4 d5 2. Bf4 e6 3. e3 c5 4.
c3 Nc6 5. Bd3 Nf6 6. Nf3 cxd4 7. exd4 Bd6 8. Bg3 Bxg3 9. hxg3 a6 10. Nbd2 b5 11. Ne5 Nxe5 12. dxe5 Nd7 13. f4 Bb7 14. Nf3 g6 15. Ng5 h5 16.
g4 Nxe5 17. Bc2 Qb6 18. fxe5 Qe3+ 19. Qe2 Qxg5 20. gxh5 Rxh5 21. Rxh5 Qxh5 22. Qxh5 gxh5 23. Kf2 Ke7 24. Rh1 Rh8 25.
Rh4 f6 26. exf6+ Kxf6 27. g4 Kg5 28.
Kg3 e5 29. Bd1 d4 30. cxd4 exd4 31. Rxh5+ Rxh5 32. gxh5 Bd5 33. a3 Bf7 34. Kf2 Kf4 35. h6 Bg6 36. Bf3 d3 37. b4 d2 38.
Bd1 Bd3 39. Bb3 Bc4 40. Bc2 Bd3 41. Bb3 Bc4 42. Bc2 Bd3 43. Bb3 1/2-1/2

[Event "MČR juniorů a juniorek v rapid šachu 2023"]
[Site "Czech Republic"]
[Date "2023.09.24"]
[Round "8.22"]
[White "Housa, Vojtech"]
[Black "Tegda, Vojtech"]
[Result "0-1"]
[TimeControl "20 min + 5 sec per move"]
[WhiteFideId "23736364"]
[BlackFideId "23723424"]
[WhiteElo "1539"]
[BlackElo "1959"]

1. e4 e5 2. Bc4 Nf6 3. d4 exd4 4. Bg5 d6 5. Nf3 Nc6 6. O-O Ne5 7. Nxe5 dxe5 8. f4 Bd6 9. Bxf6 gxf6 10.
Qh5 Qe7 11. f5 Bd7 12. Rf3 O-O-O 13. Bxf7 Bc6 14. Be6+ Kb8 15. Nd2 Bb4 16. c3 dxc3 17. bxc3 Bc5+ 0-1

[Event "MČR juniorů a juniorek v rapid šachu 2023"]
[Site "Czech Republic"]
[Date "2023.09.24"]
[Round "8.23"]
[White "Rucabado, Stefan"]
[Black "Boff, Ondrej"]
[Result "1-0"]
[TimeControl "20 min + 5 sec per move"]
[WhiteFideId "23730315"]
[BlackFideId "23733950"]
[WhiteElo "1782"]
[BlackElo "1486"]

1. e4 c5 2. Nf3 Nc6 3. d4 cxd4 4. Nxd4 e5 5. Nb5 d6 6. N1c3 a6 7. Na3 Be7 8. Nd5 Nf6 9. Nxf6+ Bxf6 10. c4 O-O 11. Be2 Be6 12. O-O Rc8 13. Nc2 Be7 14. Ne3 f5 15.
exf5 Bxf5 16. Nd5 Nd4 17. Be3 Nxe2+ 18. Qxe2 Be6 19. Rfd1 Bxd5 20. Rxd5 Qc7 21. b3 Qc6 22. Rad1 Rf7 23.
Qd2 Rcf8 24. Rf1 h6 25. f4 g5 26. g3 Rf5 27. g4 R5f7 28. f5 Rf6 29. h4 R6f7 30. hxg5 hxg5 31. Rf2 Rg7 32. Rh2 Rff7 33. Rh5 Rh7 34. Rxh7 Rxh7 35. Bxg5 Bxg5 36.
Qxg5+ Rg7 37. Qd8+ Kh7 38. g5 Rg8 39. g6+ Kh8 40. Qh4+ Kg7 41. Qh7+ Kf6 42. Qxg8 Qb6+ 43. Kg2 Qe3 44. Rxd6+ Kg5 45. Qd8+ Kg4 46. Qb6 Qf3+ 47. Kg1 Kh3 48. Qf2 Qg4+ 49. Kf1 Qe4 50. Rd2 Qh1+ 51.
Ke2 e4 52. Qe3+ Kg4 53. g7 Qg2+ 54. Kd1 Qf1+ 55. Kc2 1-0

[Event "MČR juniorů a juniorek v rapid šachu 2023"]
[Site "Czech Republic"]
[Date "2023.09.24"]
[Round "8.24"]
[White "Nagyova, Daniela"]
[Black "Dudkova, Josefina"]
[Result "1-0"]
[TimeControl "20 min + 5 sec per move"]
[WhiteFideId "390070"]
[BlackFideId "23712350"]
[WhiteElo "1762"]
[BlackElo "1437"]

1. e4 d5 2. exd5 Qxd5 3. Nc3 Qd6 4. d4 Nf6 5. Nf3 Bg4 6. Be3 e6 7. h3 Bh5 8. g4 Bg6 9. Ne5 c6 10.
h4 h5 11. Nxg6 fxg6 12. g5 Ng4 13. Bd3 e5 14. Qe2 Nd7 15. dxe5 Ndxe5 16. O-O-O Qc7 17. Bd4 O-O-O 18. Be4 Nd7 19. Bxg6 Qf4+ 20. Kb1 Bd6 21. f3 Nge5 22. Be4 Nc5 23. Be3 Qf7 24. Rxd6 Rxd6 25. Bxc5 Re6 26. Bxa7 Rhe8 27.
Bd4 Nd7 28. a3 c5 29. Bf2 Rd6 30. Nb5 Rb6 31. Rd1 Ne5 32. Bxc5 Ra6 33. Nd6+ Rxd6 34. Bxd6 1-0

[Event "MČR juniorů a juniorek v rapid šachu 2023"]
[Site "Czech Republic"]
[Date "2023.09.24"]
[Round "8.25"]
[White "Pistej, Tomas"]
[Black "Jun, Rostislav"]
[Result "1/2-1/2"]
[TimeControl "20 min + 5 sec per move"]
[WhiteFideId "23750740"]
[BlackFideId "23719524"]
[WhiteElo "1640"]
[BlackElo "1317"]

1. e4 c5 2. Nc3 Nc6 3.
Bb5 e6 4. Bxc6 bxc6 5. f4 d6 6. Nf3 Be7 7. d3 Nf6 8. O-O O-O 9. e5 Nd5 10. Ne4 Qc7 11. exd6 Bxd6 12. Nxd6 Qxd6 13. Ne5 Bb7 14. Nc4 Qd8 15. Qe1 Re8 16. Qf2 Qe7 17. b3 Rad8 18. Ba3 Nb4 19. Bxb4 cxb4 20.
Qxa7 c5 21. Na5 Rd7 22. Nxb7 Rxb7 23. Qa6 Ra7 24. Qc4 Rea8 25. Rfe1 Rxa2 26. Rxa2 Rxa2 27. f5 e5 28. Qd5 g6 29. Rxe5 Ra1+ 30. Kf2 Qh4+ 31. g3 Qxh2+ 32. Qg2 Qh5 33. g4 Qh4+ 34. Kf3 Qd8 35. Qe2 Kg7 36. Re8 Qd5+ 37. Kf2 Qd4+ 38. Kf3 Qd5+ 39. Kf2 Qd4+ 40. Kf3 Qd5+ 41. Kf2 Qd4+ 42. Kf3 1/2-1/2

[Event "MČR juniorů a juniorek v rapid šachu 2023"]
[Site "Czech Republic"]
[Date "2023.09.24"]
[Round "8.26"]
[White "Stara, Zuzana"]
[Black "Housa, Jan"]
[Result "0-1"]
[TimeControl "20 min + 5 sec per move"]
[WhiteFideId "23733543"]
[BlackFideId "23736356"]
[WhiteElo "1377"]
[BlackElo "1439"]

1. e4 c6 2. d4 d5 3. exd5 cxd5 4. c4 Nf6 5. Nc3 Nc6 6. c5 Bg4 7. Be2 Bxe2 8. Ngxe2 e5 9. Be3 Be7 10. O-O O-O 11.
dxe5 Nxe5 12. Nf4 Nc4 13. Nfxd5 Nxe3 14. Nxe3 Bxc5 15. Ned5 Re8 16. Nxf6+ Qxf6 17. Nd5 Qe5 18. Rc1 Bd6 19.
g3 Re6 20. Re1 Qxb2 21. Rxe6 fxe6 22. Nc7 Bxc7 23. Rxc7 Rf8 24. Qe1 Qxa2 25. Rxb7 a5 26. Re7 Rf6 27. Ra7 a4 28. Ra8+ Rf8 29. Rxf8+ Kxf8 30. Qb4+ Kf7 31.
Qf4+ Ke7 32. Qc7+ Ke8 33. Qc8+ Kf7 34. Qb7+ Kf6 35. Qf3+ Ke5 36. Qc3+ Kd6 37. Qb4+ Kd5 38. Qb5+ Kd4 39.
Qb6+ Kc3 40. Qa5+ Kb2 41. Qe5+ Kb1 42. Qe1+ Kb2 43. Qd2+ Kb3 44. Qd3+ Kb4 45. Qd6+ Kc3 46. Qe5+ Kd2 47.
Qd4+ Kc1 48. Qf4+ Qd2 49. Qxa4 Qd1 50. Kg2 Qxa4 0-1

[Event "MČR juniorů a juniorek v rapid šachu 2023"]
[Site "Czech Republic"]
[Date "2023.09.24"]
[Round "8.28"]
[White "Stary, Simon"]
[Black "Glasbergerova, Lucie"]
[Result "1-0"]
[TimeControl "20 min + 5 sec per move"]
[WhiteFideId "23734353"]
[BlackFideId "23725184"]
[WhiteElo "1518"]
[BlackElo "1314"]

1. e4 e5 2. Nf3 Nc6 3. Bb5 d6 4.
c3 Bd7 5. O-O Nf6 6. Re1 Be7 7. h3 O-O 8. d3 h6 9. Nbd2 Re8 10. Nf1 a6 11. Ba4 b5 12. Bb3 Be6 13. Ng3 Qd7 14. Be3 d5 15. Bc2 d4 16. cxd4 exd4 17. Bf4 Nb4 18. Bb3 c5 19.
Ne5 Qc8 20. Bxe6 Qxe6 21. a3 Nc6 22. Nxc6 Qxc6 23. Nf5 Rad8 24. Qf3 Kh7 25. Rac1 Qe6 26. Qg3 Nh5 27. Qg4 Qg6 28. Qxg6+ fxg6 29.
Nxe7 Rxe7 30. Bd2 Rc8 31. e5 g5 32. g3 g6 33. Re4 Ng7 34. b4 c4 35. dxc4 Rxc4 36. Rxc4 bxc4 37. Rxd4 Rxe5 38. Rxc4 Re6 39. Rc7 Kg8 40.
g4 Ne8 41. Ra7 Nf6 42. Be3 Nd5 43. Bd4 Ne7 44. Bc5 Nc8 45. Rc7 Re8 46. a4 h5 47. b5 axb5 48. axb5 Rd8 49. b6 Nd6 50.
Bxd6 Rxd6 51. b7 Rb6 52.
Rc8+ Kf7 53. b8=Q Rxb8 54. Rxb8 1-0

[Event "MČR juniorů a juniorek v rapid šachu 2023"]
[Site "Czech Republic"]
[Date "2023.09.24"]
[Round "8.29"]
[White "Nikolinko, Tomas"]
[Black "Bela, Lukas"]
[Result "1-0"]
[TimeControl "20 min + 5 sec per move"]
[WhiteFideId "389749"]
[BlackFideId "23738545"]
[WhiteElo "1327"]
[BlackElo "1297"]

1. e4 c5 2. Nf3 Nc6 3. d4 e6 4. d5 Na5 5. Nc3 d6 6. Bb5+ Bd7 7. Bxd7+ Qxd7 8.
O-O exd5 9. Nxd5 O-O-O 10. Bd2 Nc6 11. Bc3 Nce7 12. Ng5 Nxd5 13. Qxd5 Nh6 14. Rad1 f6 15. Ne6 Re8 16. Nxc5 Qc6 17.
Ne6 Qxd5 18. exd5 Kd7 19. Rfe1 Re7 20. Nxf8+ Rxf8 21. Rxe7+ Kxe7 22. Re1+ Kd7 23. f3 Nf5 24. Kf2 Ne7 25.
Rd1 g5 26. g4 Rf7 27. Bd4 b6 28. Be3 h6 29. f4 f5 30. Kg3 Rg7 31. fxg5 hxg5 32. Bd4 f4+ 33. Kf3 Rf7 34. c4 Ng6 35.
Re1 Nh4+ 36. Kf2 f3 37. Be3 Ng2 38. Rf1 Nxe3 39. Kxe3 Rf4 40. b3 a5 41. Rxf3 Rxg4 42. Rg3 Rh4 43.
Rg2 Ke7 44. Kf3 Kf6 45. Kg3 Rf4 46. Rf2 Kf5 47. Rxf4+ gxf4+ 48. Kf3 Kg5 49. h3 Kh4 50. Kxf4 Kxh3 51. Kf5 Kg3 52.
Ke6 Kf4 53. Kxd6 Kf5 54. Kc6 Ke5 55. d6 1-0

[Event "MČR juniorů a juniorek v rapid šachu 2023"]
[Site "Czech Republic"]
[Date "2023.09.24"]
[Round "8.30"]
[White "Tvaroh, Vitezslav"]
[Black "Macova, Marketa"]
[Result "1-0"]
[TimeControl "20 min + 5 sec per move"]
[WhiteFideId "23704209"]
[BlackFideId "23715588"]
[WhiteElo "1303"]
[BlackElo "1228"]

1. e4 e5 2. Nf3 Nc6 3. Bc4 Bc5 4.
b4 Bxb4 5. c3 Ba5 6. d4 exd4 7. O-O dxc3 8. Qb3 Qe7 9. Bg5 f6 10. Bh4 Nh6 11. Nxc3 Bxc3 12. Qxc3 Nf7 13. e5 Ncxe5 14. Nxe5 Nxe5 15. Rfe1 Kf8 16. Bb3 Qd6 17. Rad1 Qc6 18. Qe3 Qb6 19. Qe2 d6 20. Kh1 Bd7 21. f4 Ng6 22. Qc4 d5 23.
Qxd5 Be6 24. Rxe6 Qxe6 25. Qxe6 1-0

[Event "MČR juniorů a juniorek v rapid šachu 2023"]
[Site "Czech Republic"]
[Date "2023.09.24"]
[Round "8.31"]
[White "Cinkova, Vicky"]
[Black "Krajicek, Matthew"]
[Result "1/2-1/2"]
[TimeControl "20 min + 5 sec per move"]
[WhiteFideId "23725826"]
[BlackFideId "23740175"]
[WhiteElo "1300"]
[BlackElo "1283"]

1. e4 d5 2. exd5 Qxd5 3. Nc3 Qa5 4. d4 Bf5 5. Bc4 e6 6. Bd2 c6 7. Nf3 Nd7 8. h3 Ngf6 9. a3 Qc7 10. O-O Bd6 11.
Bb3 O-O 12. Be3 Bf4 13. Qd2 Bxe3 14. Qxe3 Nd5 15. Nxd5 exd5 16. Rfe1 Be6 17. c3 Rfe8 18. Qd2 Re7 19. Bc2 Rae8 20.
Ng5 h6 21. Nxe6 Rxe6 22. Rxe6 Rxe6 23. Bf5 Rf6 24. Bxd7 Qxd7 25. Re1 Re6 26. Kh2 Qd6+ 27. g3 Qe7 28. Rxe6 Qxe6 29. Kg2 Qe4+ 30.
f3 Qf5 31. Qe2 Kh7 32. h4 Qe6 33. Qxe6 fxe6 34. Kf2 Kg6 35. g4 Kf6 36. f4 a5 37. Ke3 g6 38. g5+ hxg5 39. hxg5+ Kf5 40.
Kf3 b6 41. b3 c5 42. a4 e5 43. dxe5 Ke6 44. Ke3 Kf5 45. Kf3 Ke6 46. Ke3 Kf5 47. Kd3 Ke6 48. Ke3 Kf5 49. Kf3 Ke6 50. Kg4 1/2-1/2

[Event "MČR juniorů a juniorek v rapid šachu 2023"]
[Site "Czech Republic"]
[Date "2023.09.24"]
[Round "8.34"]
[White "Hosova, Stella"]
[Black "Zadrapova, Gabriela"]
[Result "1-0"]
[TimeControl "20 min + 5 sec per move"]
[WhiteFideId "23710489"]
[BlackFideId "23753056"]
[WhiteElo "1164"]
[BlackElo "1206"]

1. d4 d5 2. Bf4 Nc6 3. e3 Nf6 4. Bd3 Bd7 5. Nf3 e6 6. Nbd2 Bd6 7. Bxd6 cxd6 8. c3 O-O 9. Qc2 e5 10.
e4 exd4 11. exd5 Re8+ 12. Kf1 Ne7 13. Nxd4 Nexd5 14. Ne4 Bg4 15. h3 Bh5 16. c4 Nxe4 17. Bxe4 Nf6 18. Bxb7 Rb8 19. Nc6 Be2+ 20.
Kg1 Bd3 21. Qxd3 Qc7 22. Nxb8 Rxb8 23. Bd5 Nxd5 24. Qxd5 Rxb2 25. Qa8+ Rb8 26. Qd5 Rc8 27. Kh2 Rb8 28. Rhd1 Rb6 29.
Rab1 Ra6 30. Qa8+ Qb8 31. Qxb8# 1-0

[Event "MČR juniorů a juniorek v rapid šachu 2023"]
[Site "Czech Republic"]
[Date "2023.09.24"]
[Round "9.1"]
[White "Ocelak, Jakub"]
[Black "Pressler, Tobias"]
[Result "1/2-1/2"]
[TimeControl "20 min + 5 sec per move"]
[WhiteFideId "23707933"]
[BlackFideId "23715359"]
[WhiteElo "2025"]
[BlackElo "1859"]

1. b3 d5 2. Bb2 Nf6 3.
Nf3 e6 4. e3 Bd6 5. c4 c6 6. Nc3 O-O 7. d4 Nbd7 8. Be2 dxc4 9. Bxc4 b5 10. Be2 Bb7 11. O-O Rc8 12. Rc1 Qa5 13.
Bd3 Rfd8 14. Qe2 a6 15. Rfd1 c5 16. Bb1 Qb6 17. e4 cxd4 18. Nxd4 Ne5 19. h3 Bc5 20. Nf3 Nxf3+ 21. Qxf3 Bd4 22.
Qe2 e5 23. Nd5 1/2-1/2